[Event "November 21 Late 2023"]
[Site "https://www.chess.com"]
[Date "2023.11.21"]
[Round "7"]
[White "Vemparala, Nikash"]
[Black "Marcziter, Dmitrii"]
[Result "0-1"]
[Board "108"]
[TimeControl "180+1"]
[WhiteFideId "30960967"]
[BlackFideId "13900765"]
[WhiteElo "2069"]
[BlackElo "2142"]
[WhiteTeam "USA"]
[BlackTeam "GER"]
[WhiteClock "0:00:06"]
[BlackClock "0:00:49"]

1. e4 c5 2. Nf3 a6 3. c3 d5 4. exd5 Qxd5 5. d4 Nf6 6. Be2 Bg4 7. O-O e6 8. Bf4 Nc6 9. Na3 cxd4 10. cxd4 Bxa3 11. bxa3 O-O 12. Be5 Nd7 13. Rc1 Ndxe5 14. dxe5 Qxa2 15. Qd3 Rad8 16. Qe3 Qd5 17. Rfd1 Qa5 18. Re1 h6 19. h3 Bh5 20. Rb1 b5 21. Qe4 Ne7 22. Qb7 Nd5 23. Nd4 Bxe2 24. Nxe2 Qxa3 25. Ra1 Qb4 26. Qxa6 Qc4 27. Ng3 Rb8 28. Rac1 Qd4 29. Ne4 Nf4 30. Nc5 Rfc8 31. Qd6 Qd5 32. Qxd5 Nxd5 33. Rb1 Rxc5 0-1

[Event "November 21 Late 2023"]
[Site "https://www.chess.com"]
[Date "2023.11.21"]
[Round "7"]
[White "Bochnicka, Vladimir"]
[Black "rikchessmx"]
[Result "1-0"]
[Board "109"]
[TimeControl "180+1"]
[WhiteFideId "14943450"]
[WhiteElo "2170"]
[BlackElo "2308"]
[WhiteTeam "SVK"]
[WhiteClock "0:02:35"]
[BlackClock "0:00:11"]

1. e4 c5 2. Nf3 Nc6 3. d4 cxd4 4. Nxd4 Qb6 5. Nb3 g6 6. Nc3 Bg7 7. Be3 Qc7 8. Be2 Nf6 9. O-O d6 10. Kh1 O-O 11. f4 e5 12. fxe5 Nxe5 13. Bg5 Nfg4 14. Nd5 Qc6 15. Ne7+ 1-0

[Event "November 21 Late 2023"]
[Site "https://www.chess.com"]
[Date "2023.11.21"]
[Round "7"]
[White "Pace, Christopher"]
[Black "Curtis, John"]
[Result "1-0"]
[Board "110"]
[TimeControl "180+1"]
[WhiteFideId "2610167"]
[BlackFideId "3200256"]
[WhiteElo "2419"]
[BlackElo "2203"]
[WhiteTeam "CAN"]
[BlackTeam "AUS"]
[WhiteClock "0:01:07"]
[BlackClock "0:00:11"]

1. e4 c5 2. Nf3 d6 3. d4 cxd4 4. Nxd4 Nf6 5. Nc3 a6 6. a4 e5 7. Nb3 Be6 8. Be2 h6 9. Be3 Nbd7 10. O-O g5 11. f3 Rc8 12. a5 Be7 13. Nd5 Nxd5 14. exd5 Bf5 15. c4 Bh7 16. Rc1 O-O 17. Qd2 f5 18. Rfd1 f4 19. Bf2 e4 20. fxe4 Bxe4 21. Nd4 Qe8 22. Ne6 Rf6 23. Bd4 Rxe6 24. dxe6 Nc5 25. Bxc5 Rxc5 26. Bd3 Qg6 27. Bxe4 Qxe4 28. Re1 Qf5 29. b4 Re5 30. Rxe5 dxe5 31. Qd5 Kg7 32. Re1 Kf6 33. c5 Qxe6 34. Qxb7 Qc4 35. Qe4 Qxe4 36. Rxe4 Kf5 37. Rc4 Ke6 38. c6 Kd5 39. c7 Kxc4 40. c8=Q+ Kxb4 41. Qxa6 Bc5+ 42. Kf1 e4 43. Qb7+ Kxa5 44. Qxe4 Be3 45. Qg6 Kb4 46. Qxh6 f3 47. Qd6+ Kc3 48. Qc6+ Kd4 49. Qxf3 Bd2 50. Ke2 Bc1 51. g3 Ke5 52. Qc3+ Kf5 53. Qxc1 Kg4 54. Qc8+ Kh5 55. Kf3 g4+ 56. Qxg4+ Kh6 57. Kf4 1-0

[Event "November 21 Late 2023"]
[Site "https://www.chess.com"]
[Date "2023.11.21"]
[Round "7"]
[White "Arnold, Ken"]
[Black "seasidesunset"]
[Result "1-0"]
[Board "111"]
[TimeControl "180+1"]
[WhiteFideId "2056836"]
[WhiteElo "2418"]
[BlackElo "2190"]
[WhiteTeam "USA"]
[WhiteClock "0:00:26"]
[BlackClock "0:00:20"]

1. e4 c5 2. Nf3 d6 3. d4 cxd4 4. Qxd4 Nf6 5. e5 Nc6 6. Bb5 dxe5 7. Qxd8+ Kxd8 8. Bxc6 bxc6 9. Nxe5 Be6 10. Nxc6+ Kc7 11. Nd4 Bd5 12. O-O e5 13. Nb5+ Kb6 14. a4 Bc5 15. N1c3 Bc4 16. Rd1 Ng4 17. Ne4 Rad8 18. Bg5 f6 19. Nxc5 Kxc5 20. Be3+ Nxe3 21. fxe3 Bxb5 22. axb5 Kxb5 23. Kf2 Kb6 24. Ke2 Rc8 25. c3 Rhd8 26. Rxd8 Rxd8 27. Rd1 Rxd1 28. Kxd1 Kb5 29. Kc2 a5 30. b3 Kc5 31. e4 g6 32. g4 h5 33. gxh5 gxh5 34. h4 Kb5 35. Kd3 Kc5 36. Kc2 Kb5 37. Kb2 a4 38. bxa4+ Kxa4 39. Kc2 Ka5 40. Kb3 Kb5 41. c4+ Kc5 42. Kc3 f5 43. exf5 e4 44. f6 Kd6 45. Kd4 Ke6 46. Kxe4 Kxf6 47. Kf4 Ke6 48. Kg5 Kd6 49. Kxh5 Kc5 50. Kg6 Kxc4 51. h5 Kd5 52. h6 Ke6 53. h7 Ke7 54. h8=Q Kd7 55. Qd4+ Kc7 56. Qd5 Kb6 57. Qc4 Ka7 58. Qb5 Ka8 59. Kf6 Ka7 60. Ke6 Ka8 61. Kd6 Ka7 62. Kc6 Ka8 63. Qb7# 1-0

[Event "November 21 Late 2023"]
[Site "https://www.chess.com"]
[Date "2023.11.21"]
[Round "7"]
[White "kinghunter183"]
[Black "Kostiukov, Alexandr"]
[Result "0-1"]
[Board "112"]
[TimeControl "180+1"]
[BlackFideId "14108100"]
[WhiteElo "2164"]
[BlackElo "2144"]
[BlackTeam "UKR"]
[WhiteClock "0:00:04"]
[BlackClock "0:00:50"]

1. c4 c5 2. b3 Nf6 3. Bb2 g6 4. Nf3 Bg7 5. e3 O-O 6. d4 cxd4 7. exd4 d5 8. c5 Nc6 9. a3 a5 10. Bb5 Ne4 11. Nbd2 Nxc5 12. O-O Ne4 13. Nxe4 dxe4 14. Ne5 Nxe5 15. dxe5 Qb6 16. Bc4 Bf5 17. Bd4 Qc7 18. Rc1 Qb8 19. Qe2 Bxe5 20. Bxe5 Qxe5 21. Kh1 Rad8 22. f3 Rd4 23. fxe4 Qxe4 24. Qf2 Rfd8 25. Rce1 Qh4 26. Qxh4 Rxh4 27. Rxe7 Rd7 28. Rxd7 Bxd7 29. Rxf7 Rxc4 30. bxc4 Kxf7 31. Kg1 Ke6 32. Kf2 Ke5 33. Ke3 Be6 34. Kd3 b6 35. g3 g5 36. Kc3 Ke4 37. Kb3 Kd4 38. Ka4 Bxc4 39. g4 Kc5 40. h4 Bb5+ 41. Kb3 gxh4 42. g5 h3 43. g6 hxg6 44. a4 Bc4+ 45. Kc3 h2 46. Kd2 h1=Q 47. Ke3 Qh4 48. Kd2 Kd4 49. Kc2 Qf2+ 50. Kb1 Kc3 51. Kc1 Qc2# 0-1

[Event "November 21 Late 2023"]
[Site "https://www.chess.com"]
[Date "2023.11.21"]
[Round "7"]
[White "DraningWaterHi"]
[Black "Su, Dion"]
[Result "1-0"]
[Board "113"]
[TimeControl "180+1"]
[BlackFideId "2029731"]
[WhiteElo "2137"]
[BlackElo "2395"]
[BlackTeam "USA"]
[WhiteClock "0:00:55"]
[BlackClock "0:00:31"]

1. d4 Nf6 2. c4 e6 3. g3 d5 4. Bg2 a5 5. Nf3 Be7 6. O-O O-O 7. Nbd2 c6 8. Qc2 b6 9. e4 dxc4 10. Nxc4 Ba6 11. Rd1 Bxc4 12. Qxc4 Nxe4 13. Ne5 Nd6 14. Qc2 f6 15. Nxc6 Nxc6 16. Qxc6 Rc8 17. Qf3 Nf5 18. Be3 Qd6 19. d5 Nxe3 20. Qxe3 e5 21. Bh3 Rc2 22. Be6+ Kh8 23. b3 f5 24. Rdc1 Rxc1+ 25. Rxc1 f4 26. Qe4 fxg3 27. hxg3 Qa3 28. Rc2 Qd6 29. Kg2 h6 30. Rc6 Qa3 31. Qc2 Bc5 32. Rc8 Rxc8 33. Bxc8 Qb4 34. Be6 Qd4 35. Qf5 e4 36. Qf7 Kh7 37. Bf5+ Kh8 38. Qe8+ 1-0

[Event "November 21 Late 2023"]
[Site "https://www.chess.com"]
[Date "2023.11.21"]
[Round "7"]
[White "Skaric, Djuro"]
[Black "Ivanov, Aleksandr"]
[Result "1-0"]
[Board "114"]
[TimeControl "180+1"]
[WhiteFideId "934569"]
[BlackFideId "2092980"]
[WhiteElo "2282"]
[BlackElo "2069"]
[WhiteTeam "SRB"]
[BlackTeam "USA"]
[WhiteClock "0:02:59"]
[BlackClock "0:02:44"]

1. g3 d5 2. Bg2 c5 3. d3 e5 4. Nf3 Nc6 5. O-O Nf6 6. Nc3 Be7 7. e4 d4 8. Ne2 Be6 9. h3 Nd7 10. Ne1 b5 11. f4 f6 12. f5 Bf7 13. g4 c4 14. Rf2 Nc5 15. Bf1 Nxd3 16. cxd3 1-0

[Event "November 21 Late 2023"]
[Site "https://www.chess.com"]
[Date "2023.11.21"]
[Round "7"]
[White "Kujawski, Adam"]
[Black "Desideri, Ricardo Maruchi"]
[Result "1-0"]
[Board "115"]
[TimeControl "180+1"]
[WhiteFideId "1100920"]
[BlackFideId "2110440"]
[WhiteElo "2054"]
[BlackElo "1945"]
[WhiteTeam "POL"]
[BlackTeam "BRA"]
[WhiteClock "0:00:20"]
[BlackClock "0:00:50"]

1. e4 c5 2. Nf3 d6 3. d4 cxd4 4. Nxd4 Nf6 5. Nc3 a6 6. Bg5 e6 7. f4 h6 8. Bh4 Qb6 9. Qd3 Be7 10. O-O-O Nc6 11. Nxc6 bxc6 12. e5 Nd5 13. Bxe7 Kxe7 14. exd6+ Kd7 15. Nxd5 cxd5 16. f5 Rb8 17. b3 Qxd6 18. Be2 Qa3+ 19. Kb1 Rb5 20. fxe6+ fxe6 21. Qg6 Re8 22. Bxb5+ axb5 23. Qxg7+ Re7 24. Qb2 Qa6 25. Rhe1 Bb7 26. Re3 b4 27. Rde1 Bc6 28. Qf6 Bb5 29. Rxe6 Rxe6 30. Qf7+ Kd6 31. Rxe6+ 1-0

[Event "November 21 Late 2023"]
[Site "https://www.chess.com"]
[Date "2023.11.21"]
[Round "7"]
[White "Akhayan, Ruben"]
[Black "Dias, Joao Batista"]
[Result "0-1"]
[Board "116"]
[TimeControl "180+1"]
[WhiteFideId "204439"]
[BlackFideId "2108240"]
[WhiteElo "2141"]
[BlackElo "1907"]
[WhiteTeam "BEL"]
[BlackTeam "BRA"]
[WhiteClock "0:00:06"]
[BlackClock "0:00:04"]

1. e4 g6 2. d4 Bg7 3. Nc3 c5 4. Nf3 cxd4 5. Nxd4 Nc6 6. Nb3 d6 7. Be2 Nf6 8. O-O O-O 9. Be3 a6 10. f4 Bd7 11. a4 Rc8 12. Kh1 Re8 13. Bf3 Qc7 14. a5 e5 15. Bb6 Qb8 16. Qd2 exf4 17. Rad1 Ne5 18. Qxf4 Nxf3 19. gxf3 Be6 20. Bd4 Nh5 21. Qe3 Bxd4 22. Nxd4 Qc7 23. f4 Bg4 24. Nd5 Qc5 25. Rd2 Qxd5 26. Re1 Qxa5 27. f5 Qe5 28. Rg2 Nf6 29. c3 d5 30. Qh6 dxe4 31. Re3 Bxf5 32. Rf2 Ng4 33. Qh4 Nxf2+ 34. Qxf2 Kg7 35. Rg3 Be6 36. Qe3 Rcd8 37. Rg5 Qf6 38. Rg1 Bd5 39. Re1 Bc6 40. b4 Rxd4 41. cxd4 Qf3+ 42. Qxf3 exf3 43. Rc1 Re2 44. Kg1 f2+ 45. Kf1 Re1+ 46. Rxe1 fxe1=Q+ 47. Kxe1 Kf6 48. Kd2 Kf5 49. Ke3 Kg4 50. b5 axb5 51. d5 Bxd5 52. Kd4 Bc6 0-1

[Event "November 21 Late 2023"]
[Site "https://www.chess.com"]
[Date "2023.11.21"]
[Round "7"]
[White "DAVIDHDZSTS"]
[Black "Maisuradze, Nino"]
[Result "0-1"]
[Board "117"]
[TimeControl "180+1"]
[BlackFideId "13601717"]
[WhiteElo "1865"]
[BlackElo "2108"]
[BlackTeam "FRA"]
[WhiteClock "0:00:00"]
[BlackClock "0:01:21"]

1. d4 b6 2. c4 Bb7 3. Nc3 e6 4. e4 Ne7 5. Bd3 d5 6. cxd5 exd5 7. e5 a6 8. Be3 Ng6 9. Nge2 Nd7 10. O-O c5 11. f4 c4 12. Bc2 Ne7 13. f5 Qc7 14. Nf4 O-O-O 15. Qf3 Nb8 16. Rac1 b5 17. b3 Bc6 18. a4 b4 19. Nce2 c3 20. Bd3 Kb7 21. g4 h5 22. h3 hxg4 23. hxg4 g5 24. Ng2 f6 25. e6 Qh2+ 26. Kf2 Rh3 27. Rh1 Rxf3+ 28. Kxf3 Qd6 29. Ng3 a5 30. Nh5 Ng8 0-1

[Event "November 21 Late 2023"]
[Site "https://www.chess.com"]
[Date "2023.11.21"]
[Round "7"]
[White "Padalka, Artem"]
[Black "Lutz, Igor Oscar"]
[Result "1-0"]
[Board "118"]
[TimeControl "180+1"]
[WhiteFideId "14118637"]
[BlackFideId "2110806"]
[WhiteElo "2056"]
[BlackElo "1765"]
[WhiteTeam "POL"]
[BlackTeam "BRA"]
[WhiteClock "0:00:44"]
[BlackClock "0:00:09"]

1. d4 d5 2. c4 c6 3. e3 Nf6 4. Nc3 e6 5. Nf3 Bd6 6. Bd3 O-O 7. e4 dxe4 8. Nxe4 Nxe4 9. Bxe4 h6 10. O-O Nd7 11. Bc2 e5 12. dxe5 Nxe5 13. Nxe5 Bxe5 14. Qf3 Qf6 15. Qb3 b6 16. Qd3 g6 17. Bxh6 Rd8 18. Qe3 Bd4 19. Qg3 Re8 20. Rae1 Ba6 21. b3 c5 22. Be4 Rac8 23. Bd5 Rxe1 24. Rxe1 Kh7 25. Bg5 Qf5 26. Qh3+ Kg8 27. Qxf5 gxf5 28. Re7 Rf8 29. Bh6 Bg7 30. Bxg7 Kxg7 31. Rxa7 Bc8 32. g3 Kf6 33. h4 Be6 34. Rb7 Bxd5 35. cxd5 Ke5 36. Rxb6 Kxd5 37. Rf6 Ke5 38. Rc6 Kd5 39. Rc7 f6 40. Kg2 Ra8 41. Rf7 Rxa2 42. Rxf6 Ke5 43. Rc6 Kd5 44. Rb6 Rb2 45. h5 c4 46. bxc4+ 1-0

[Event "November 21 Late 2023"]
[Site "https://www.chess.com"]
[Date "2023.11.21"]
[Round "7"]
[White "Sarkar, Justin"]
[Black "Martins, Bruno Andre Leite"]
[Result "0-1"]
[Board "119"]
[TimeControl "180+1"]
[WhiteFideId "2010011"]
[BlackFideId "1942255"]
[WhiteElo "2138"]
[BlackElo "2307"]
[WhiteTeam "USA"]
[BlackTeam "POR"]
[WhiteClock "0:00:00"]
[BlackClock "0:00:43"]

1. d4 Nf6 2. c4 e6 3. Nc3 d5 4. Bg5 a6 5. e3 Bb4 6. Qb3 c5 7. dxc5 Nc6 8. O-O-O Qa5 9. Bxf6 gxf6 10. cxd5 exd5 11. Nxd5 Be6 12. Nxf6+ Kf8 13. Nd5 Rd8 14. e4 Bxc5 15. Qc3 Qxc3+ 16. Nxc3 Rxd1+ 17. Nxd1 Ke7 18. Nf3 Bxa2 19. Nd2 Be6 20. Bc4 Rc8 0-1

[Event "November 21 Late 2023"]
[Site "https://www.chess.com"]
[Date "2023.11.21"]
[Round "7"]
[White "Golubenko, Valentina"]
[Black "Figorito, Nick"]
[Result "0-1"]
[Board "120"]
[TimeControl "180+1"]
[WhiteFideId "4501993"]
[BlackFideId "30923689"]
[WhiteElo "2126"]
[BlackElo "2363"]
[WhiteTeam "CRO"]
[BlackTeam "USA"]
[WhiteClock "0:00:00"]
[BlackClock "0:00:11"]

1. d4 Nf6 2. g3 c6 3. Bg2 d5 4. Nf3 g6 5. O-O Bg7 6. c4 O-O 7. Nc3 dxc4 8. Ne5 Be6 9. a4 a5 10. e3 Nfd7 11. f4 Nxe5 12. fxe5 Na6 13. e4 Nb4 14. d5 cxd5 15. exd5 Bd7 16. Qe2 Rc8 17. Bg5 h6 18. Be3 Nd3 19. e6 fxe6 20. dxe6 Bxe6 21. Rxf8+ Qxf8 22. Bxh6 Bf7 23. Bxg7 Qxg7 24. Rf1 Qd4+ 25. Kh1 b6 26. Qf3 Qg7 27. Nd5 Re8 28. Nxb6 e5 29. Qc6 e4 30. Bxe4 Qxb2 31. Bd5 Nf2+ 32. Rxf2 Qxf2 33. Qxg6+ Kh8 34. Qh6+ Kg8 35. Qg6+ Kf8 36. Nd7+ Ke7 37. Qxf7+ Qxf7 38. Bxf7 Kxf7 39. Nb6 c3 0-1

[Event "November 21 Late 2023"]
[Site "https://www.chess.com"]
[Date "2023.11.21"]
[Round "7"]
[White "Butti, Enrique"]
[Black "SergioMoralesG"]
[Result "1-0"]
[Board "121"]
[TimeControl "180+1"]
[WhiteFideId "3700470"]
[WhiteElo "2080"]
[BlackElo "2347"]
[WhiteTeam "PAR"]
[WhiteClock "0:01:17"]
[BlackClock "0:00:10"]

1. Nf3 d5 2. c4 d4 3. g3 Nc6 4. Bg2 e5 5. d3 Nf6 6. O-O Bc5 7. b4 Bxb4 8. Nxe5 Nxe5 9. Qa4+ Bd7 10. Qxb4 Bc6 11. Bxc6+ bxc6 12. Ba3 Qd7 13. Nd2 O-O-O 14. Rab1 Qh3 15. f3 Qh6 16. Nb3 Nfg4 17. fxg4 Nxg4 18. Rf2 Nxf2 19. Kxf2 Qe3+ 20. Kf1 Kd7 21. Nc5+ Ke8 22. Ne4 Rd6 23. Nxd6+ Kd7 24. Ne4 Re8 25. Bc1 1-0

[Event "November 21 Late 2023"]
[Site "https://www.chess.com"]
[Date "2023.11.21"]
[Round "7"]
[White "Quirke, Jeffrey"]
[Black "Gerbelli Neto, Eduardo"]
[Result "0-1"]
[Board "122"]
[TimeControl "180+1"]
[WhiteFideId "2013029"]
[BlackFideId "2103281"]
[WhiteElo "2232"]
[BlackElo "2178"]
[WhiteTeam "USA"]
[BlackTeam "BRA"]
[WhiteClock "0:00:08"]
[BlackClock "0:00:29"]

1. e4 e5 2. Nf3 Nc6 3. Nc3 Nf6 4. h3 d5 5. exd5 Nxd5 6. Bb5 Nxc3 7. bxc3 Bd6 8. O-O O-O 9. d4 exd4 10. cxd4 Qf6 11. Rb1 Bf5 12. Rb3 a6 13. Be2 b5 14. Bb2 Rad8 15. d5 Ne5 16. Qa1 Rfe8 17. Re3 Nxf3+ 18. Bxf3 Qg6 19. Rxe8+ Rxe8 20. Kh1 Bxc2 21. Bd4 f6 22. Qc3 Be4 23. Re1 Bxf3 24. gxf3 Rxe1+ 25. Qxe1 Qf7 26. Qe4 f5 27. Qe6 Qxe6 28. dxe6 g6 29. Bf6 Kf8 30. Kg2 c5 31. Kf1 Be7 32. Be5 c4 33. Ke2 Bc5 34. f4 Ke7 0-1

[Event "November 21 Late 2023"]
[Site "https://www.chess.com"]
[Date "2023.11.21"]
[Round "7"]
[White "Vila Dupla, Aurelio"]
[Black "Mendez Machado, Andre"]
[Result "1-0"]
[Board "123"]
[TimeControl "180+1"]
[WhiteFideId "2203383"]
[BlackFideId "6603793"]
[WhiteElo "2009"]
[BlackElo "1950"]
[WhiteTeam "ESP"]
[BlackTeam "PAN"]
[WhiteClock "0:00:02"]
[BlackClock "0:00:00"]

1. Nf3 Nf6 2. d4 e6 3. g3 d5 4. Bg2 Be7 5. O-O O-O 6. b3 c5 7. e3 Nbd7 8. Bb2 b6 9. Nbd2 Bb7 10. c4 dxc4 11. Nxc4 b5 12. Nce5 Nxe5 13. Nxe5 Bxg2 14. Kxg2 cxd4 15. Bxd4 Qc7 16. Qf3 Rac8 17. a4 b4 18. Ng4 Nxg4 19. Qxg4 e5 20. Bb2 f5 21. Qe2 f4 22. exf4 exf4 23. Qg4 Qb7+ 24. Kg1 Bc5 25. Rad1 fxg3 26. hxg3 Rf7 27. Bd4 Bf8 28. Rc1 Re8 29. Be3 Qd5 30. Qc4 Qf3 31. Bxa7 Re4 32. Bd4 Qg4 33. Rcd1 h5 34. Qd5 h4 35. Be5 hxg3 36. Bxg3 Qf3 37. Rd3 Qe2 38. Rfd1 Rg4 39. Rd4 Rxg3+ 40. fxg3 Qe3+ 41. Kg2 Qe2+ 42. Kh3 Qh5+ 43. Rh4 1-0

[Event "November 21 Late 2023"]
[Site "https://www.chess.com"]
[Date "2023.11.21"]
[Round "7"]
[White "Castillo Pena, Patricia Evarista"]
[Black "Jimenez Fernandez, Rebeca"]
[Result "0-1"]
[Board "124"]
[TimeControl "180+1"]
[WhiteFideId "6412106"]
[BlackFideId "32070934"]
[WhiteElo "1861"]
[BlackElo "2015"]
[WhiteTeam "DOM"]
[BlackTeam "ESP"]
[WhiteClock "0:01:44"]
[BlackClock "0:01:56"]

1. d4 d5 2. Nf3 Nf6 3. e3 e6 4. Bd3 c5 5. b3 Nc6 6. Bb2 b6 7. O-O Bd6 8. Ne5 O-O 9. Nd2 Bb7 10. f4 Rc8 11. Rc1 Nb4 12. a3 Nxd3 13. cxd3 cxd4 14. exd4 Qe7 15. b4 a5 16. Qb3 axb4 17. axb4 Bxb4 18. Ndf3 h6 19. h3 Nh5 0-1

[Event "November 21 Late 2023"]
[Site "https://www.chess.com"]
[Date "2023.11.21"]
[Round "7"]
[White "Golubev, Mikhail"]
[Black "Jelcic, Marko"]
[Result "0-1"]
[Board "125"]
[TimeControl "180+1"]
[WhiteFideId "14100983"]
[BlackFideId "14406489"]
[WhiteElo "2352"]
[BlackElo "2156"]
[WhiteTeam "UKR"]
[BlackTeam "BIH"]
[WhiteClock "0:00:00"]
[BlackClock "0:00:08"]

1. e4 e6 2. d4 d5 3. Bd3 dxe4 4. Bxe4 Be7 5. Ne2 Bf6 6. O-O Ne7 7. Bf4 Nbc6 8. c3 O-O 9. Na3 Nd5 10. Bg3 Bh4 11. Qd3 Bxg3 12. Qxg3 Nce7 13. Rad1 Nf6 14. Bf3 Nf5 15. Qf4 Qd6 16. Rfe1 Rb8 17. Nc4 Qxf4 18. Nxf4 Nh4 19. Be2 b6 20. g3 Ng6 21. Nd3 Ba6 22. Nce5 Bxd3 23. Bxd3 Nxe5 24. dxe5 Nd5 25. a3 c5 26. f4 a5 27. Be4 Rfd8 28. Kf2 g6 29. Rd2 Ne7 30. Red1 Rxd2+ 31. Rxd2 Kf8 32. Rd7 Ke8 33. Ra7 Nd5 34. Bxd5 exd5 35. Ke3 Kf8 36. g4 Ke8 37. f5 gxf5 38. gxf5 b5 39. Kf4 b4 40. axb4 axb4 41. f6 bxc3 42. bxc3 d4 43. cxd4 cxd4 44. Ke4 Rd8 45. Ra3 Kf8 46. Rd3 Kg8 47. Rxd4 Ra8 48. Kf5 h6 49. Rg4+ Kh8 50. Rh4 Kh7 51. Rg4 Ra7 52. Rg7+ Kh8 53. h4 Rb7 54. Kf4 Rb4+ 55. Kf5 Rb7 0-1

[Event "November 21 Late 2023"]
[Site "https://www.chess.com"]
[Date "2023.11.21"]
[Round "7"]
[White "Herman, Matthew"]
[Black "Broca Jimenez, Fernando"]
[Result "1/2-1/2"]
[Board "126"]
[TimeControl "180+1"]
[WhiteFideId "2028964"]
[BlackFideId "5104742"]
[WhiteElo "2368"]
[BlackElo "2062"]
[WhiteTeam "USA"]
[BlackTeam "MEX"]
[WhiteClock "0:00:08"]
[BlackClock "0:00:15"]

1. e4 c5 2. Nf3 g6 3. d4 cxd4 4. Nxd4 Nc6 5. Nb3 Nf6 6. Nc3 Bg7 7. Be3 d6 8. Qd2 O-O 9. O-O-O Be6 10. Kb1 Na5 11. Nd4 Nc4 12. Bxc4 Bxc4 13. Bh6 Rc8 14. h4 Rc5 15. f3 Bxh6 16. Qxh6 Rh5 17. Qd2 Rc5 18. g4 h5 19. gxh5 Rxh5 20. f4 Qa5 21. f5 Nxe4 22. Qe3 Nxc3+ 23. Qxc3 Qxc3 24. bxc3 Kg7 25. fxg6 fxg6 26. Rhe1 e5 27. Nb3 Bxb3 28. axb3 Rf6 29. Re4 Rhf5 30. Kb2 Rf4 31. Re3 Rxh4 32. Ra1 a6 33. Ra5 Rh2 34. c4 Rff2 35. Rc3 Rd2 36. c5 Rd5 37. c6 bxc6 38. Rxa6 Rc5 39. Rxc5 dxc5 40. Rxc6 e4 41. Rxc5 e3 42. Re5 e2 43. b4 Kf6 44. Re8 Kf7 45. Re3 g5 46. b5 g4 47. b6 Rh6 48. Rxe2 Rxb6+ 49. Kc3 Rc6+ 50. Kd3 Kg6 51. Re8 Kg5 52. c4 Kf4 53. Kd4 Rd6+ 54. Kc5 Rd1 55. Kb6 g3 56. Rf8+ Ke3 57. c5 g2 58. Rg8 g1=Q 59. Rxg1 Rxg1 60. c6 Rb1+ 61. Ka7 Kd4 62. c7 Rc1 63. Kb8 Rb1+ 64. Ka7 Ra1+ 65. Kb8 Rb1+ 66. Ka7 1/2-1/2

[Event "November 21 Late 2023"]
[Site "https://www.chess.com"]
[Date "2023.11.21"]
[Round "7"]
[White "Elbebiber"]
[Black "Hoffmann, Asa"]
[Result "0-1"]
[Board "127"]
[TimeControl "180+1"]
[BlackFideId "2001470"]
[WhiteElo "2178"]
[BlackElo "2117"]
[BlackTeam "USA"]
[WhiteClock "0:00:10"]
[BlackClock "0:01:25"]

1. d4 Nf6 2. Bg5 e6 3. e4 d6 4. Nc3 Be7 5. Bd3 e5 6. dxe5 dxe5 7. Nf3 Nc6 8. h3 Be6 9. Qe2 a6 10. Rd1 Nd4 11. Qd2 Nd7 12. Bxe7 Qxe7 13. Qe3 c5 14. O-O O-O 15. Nd5 Bxd5 16. exd5 Qd6 17. c4 f5 18. Bb1 f4 19. Qd3 Nf6 20. Nd2 b5 21. b3 bxc4 22. bxc4 Rab8 23. Ne4 Nxe4 24. Qxe4 g6 25. Rfe1 f3 26. Qxe5 Qxe5 27. Rxe5 fxg2 28. Kxg2 Rb2 29. Rf1 Nf3 30. Re7 Nd2 31. Rfe1 Nxb1 32. R1e6 Rbxf2+ 33. Kg3 Nd2 34. Rd7 R2f3+ 35. Kg4 Nxc4 36. Ree7 R3f7 37. Rxf7 Rxf7 38. Rd8+ Kg7 39. d6 0-1

[Event "November 21 Late 2023"]
[Site "https://www.chess.com"]
[Date "2023.11.21"]
[Round "7"]
[White "Oliveira, Tiago Batista"]
[Black "Antonio, Jorge Carlos"]
[Result "1-0"]
[Board "128"]
[TimeControl "180+1"]
[WhiteFideId "2108291"]
[BlackFideId "113190"]
[WhiteElo "1962"]
[BlackElo "2247"]
[WhiteTeam "BRA"]
[BlackTeam "ARG"]
[WhiteClock "0:00:02"]
[BlackClock "0:00:04"]

1. d4 d5 2. c4 Nf6 3. Nf3 c5 4. cxd5 cxd4 5. g3 Qa5+ 6. Nbd2 Qxd5 7. Bg2 e5 8. O-O e4 9. Qa4+ Nc6 10. Ne1 Bc5 11. Nb3 Bb6 12. Nc2 O-O 13. Rd1 Bd7 14. Nb4 Qh5 15. Nxc6 Bxc6 16. Qc4 Rad8 17. Bf4 d3 18. exd3 exd3 19. Bxc6 bxc6 20. Rxd3 Ng4 21. h4 Bxf2+ 22. Kg2 Bb6 23. Rf3 Rfe8 24. Raf1 Qg6 25. Bg5 Rd5 26. Qxg4 f6 27. Qc4 fxg5 28. Rf5 gxh4 29. Rxd5 Qxg3+ 30. Kh1 cxd5 31. Qxd5+ Kh8 32. Qg2 Qxg2+ 33. Kxg2 g5 34. Rf2 h6 35. Rd2 Kg7 36. Nd4 Kg6 37. Nf3 Rf8 38. Rd6+ Kh5 39. Ne5 Re8 40. Nf7 Re2+ 41. Kf3 Rxb2 42. Rxh6# 1-0

[Event "November 21 Late 2023"]
[Site "https://www.chess.com"]
[Date "2023.11.21"]
[Round "7"]
[White "Lopez, Nelson M, Ii"]
[Black "katharinareinecke"]
[Result "1-0"]
[Board "129"]
[TimeControl "180+1"]
[WhiteFideId "2027895"]
[WhiteElo "2268"]
[BlackElo "1983"]
[WhiteTeam "USA"]
[WhiteClock "0:00:54"]
[BlackClock "0:00:32"]

1. e4 c6 2. d4 d5 3. Nc3 b5 4. exd5 b4 5. Ne4 cxd5 6. Ng3 Nf6 7. Nf3 e6 8. Bd3 Nc6 9. O-O Be7 10. Re1 O-O 11. c3 a5 12. Ne5 Bb7 13. Bc2 bxc3 14. bxc3 Rc8 15. Nh5 Ne4 16. Nxg7 Kxg7 17. Qg4+ Kh8 18. Bh6 Bf6 19. Rxe4 dxe4 20. Qxe4 Nxe5 21. Qxh7# 1-0

[Event "November 21 Late 2023"]
[Site "https://www.chess.com"]
[Date "2023.11.21"]
[Round "7"]
[White "Tsiolakidis, Anastasios"]
[Black "Thake, Conrad"]
[Result "1-0"]
[Board "130"]
[TimeControl "180+1"]
[WhiteFideId "4201477"]
[BlackFideId "5602947"]
[WhiteElo "2265"]
[BlackElo "1685"]
[WhiteTeam "GRE"]
[BlackTeam "MLT"]
[WhiteClock "0:01:53"]
[BlackClock "0:00:04"]

1. e4 e6 2. Nf3 d5 3. Nc3 d4 4. Ne2 c5 5. c3 dxc3 6. bxc3 Nc6 7. d4 cxd4 8. cxd4 Nf6 9. e5 Nd5 10. g3 Bb4+ 11. Bd2 Qa5 12. Bg2 Bxd2+ 13. Qxd2 Qxd2+ 14. Kxd2 O-O 15. Nc3 Nxc3 16. Kxc3 Bd7 17. Rab1 Rac8 18. Kd3 b6 19. Rhc1 Na5 20. Nd2 Rxc1 21. Rxc1 Bb5+ 22. Ke3 g6 23. Rc7 a6 24. Ne4 Kg7 25. Nd6 h5 26. f4 Ba4 27. d5 exd5 28. Bxd5 Bd1 29. Nxf7 b5 30. Ng5+ Kh8 31. Rh7# 1-0

[Event "November 21 Late 2023"]
[Site "https://www.chess.com"]
[Date "2023.11.21"]
[Round "7"]
[White "Awoki, Daniel Teidi"]
[Black "Vargas, Mauricio"]
[Result "1-0"]
[Board "131"]
[TimeControl "180+1"]
[WhiteFideId "2100827"]
[BlackFideId "4404572"]
[WhiteElo "2077"]
[BlackElo "1988"]
[WhiteTeam "BRA"]
[BlackTeam "COL"]
[WhiteClock "0:02:38"]
[BlackClock "0:02:01"]

1. e4 d5 2. exd5 Qxd5 3. Nc3 Qa5 4. Bc4 c6 5. d3 Nf6 6. Ne2 Bg4 7. O-O e6 8. f3 Bh5 9. Ng3 Bg6 10. f4 h5 11. f5 exf5 12. Qe2+ Be7 13. Bd2 h4 14. Nd5 Nxd5 15. Bxa5 b6 16. Bb4 hxg3 17. Bxd5 gxh2+ 18. Kh1 O-O 19. Bxe7 Re8 20. Bf3 f6 21. Rae1 Kf7 22. Qe6# 1-0